| TOP OF THE 1ST |
|
Houston Astros batting - Pitching for Minnesota Twins : RHP Ted Mosley
|
|
Pitching: RHP Ted Mosley
|
|
|
Batting: RHB Jeremy Trump
|
0-0: Ground out 6-3 (Groundball, 6M, EV 106.2 MPH)
|
|
Batting: LHB Eric Katz
|
0-0: Called Strike 0-1: Ball 1-1: Called Strike 1-2: SINGLE (Line Drive, 78S, EV 102.5 MPH)
|
|
Batting: SHB Jason Woods
|
0-0: Ball 1-0: Ball 2-0: Fly out, F8 (Flyball, 89D, EV 101.2 MPH)
|
|
Batting: LHB Jack Christie
|
0-0: DOUBLE (Flyball, 8RXD, EV 111.9 MPH) Eric Katz to third Runner from 3rd tries for Home, SAFE, throw by CF to home
|
|
Batting: RHB Eric Chotkowski
|
0-0: Foul Ball, location: 2F 0-1: Foul Ball, location: 2F 0-2: Strikes out swinging
|
| Top of the 1st over - 1 run, 2 hits, 0 errors, 1 left on base; Houston 1 - Minnesota 0 |
| BOTTOM OF THE 1ST |
|
Minnesota Twins batting - Pitching for Houston Astros : RHP Ricardo Acosta
|
|
Pitching: RHP Ricardo Acosta
|
|
|
Batting: RHB Greg Harman
|
0-0: Swinging Strike 0-1: Ball 1-1: Swinging Strike 1-2: Strikes out swinging
|
|
Batting: LHB Per Meulengracht
|
0-0: Ball 1-0: Fly out, F7 (Flyball, 7S, EV 94.4 MPH)
|
|
Batting: LHB Ricardo Batista
|
0-0: Ground out 3-1 (Groundball, 34, EV 86.2 MPH)
|
| Bottom of the 1st over - 0 runs, 0 hits, 0 errors, 0 left on base; Houston 1 - Minnesota 0 |
| TOP OF THE 2ND |
|
Houston Astros batting - Pitching for Minnesota Twins : RHP Ted Mosley
|
|
Batting: SHB Rich Chavez
|
0-0: Called Strike 0-1: SINGLE (Line Drive, 56D, EV 96.2 MPH)
|
|
Batting: SHB Joe Gardner
|
0-0: Called Strike 0-1: Ball 1-1: Called Strike 1-2: Strikes out swinging
|
|
Batting: RHB Danny Merrill
|
0-0: Called Strike 0-1: Swinging Strike 0-2: Ball 1-2: Fly out, F7 (Flyball, 78D, EV 85.0 MPH)
|
|
Batting: SHB Bryan Johnston
|
0-0: Fly out, F7 (Flyball, 7D, EV 96.9 MPH)
|
| Top of the 2nd over - 0 runs, 1 hit, 0 errors, 1 left on base; Houston 1 - Minnesota 0 |
| BOTTOM OF THE 2ND |
|
Minnesota Twins batting - Pitching for Houston Astros : RHP Ricardo Acosta
|
|
Batting: RHB Miguel Gonzalez
|
0-0: Ball 1-0: Ball 2-0: Called Strike 2-1: Ball 3-1: Fly out, F9 (Flyball, 9LM, EV 91.2 MPH)
|
|
Batting: LHB Peer Derks
|
0-0: Called Strike 0-1: Foul Ball, location: 2F 0-2: Foul Ball, location: 2F 0-2: Ball 1-2: Strikes out swinging
|
|
Batting: LHB Ryan Flynn Jr.
|
0-0: Ball 1-0: Swinging Strike 1-1: Ball 2-1: Ball 3-1: Swinging Strike 3-2: Strikes out looking
|
| Bottom of the 2nd over - 0 runs, 0 hits, 0 errors, 0 left on base; Houston 1 - Minnesota 0 |
| TOP OF THE 3RD |
|
Houston Astros batting - Pitching for Minnesota Twins : RHP Ted Mosley
|
|
Batting: RHB Jeremy Trump
|
0-0: Called Strike 0-1: Swinging Strike 0-2: Ball 1-2: Foul Ball, location: 2F 1-2: Foul Ball, location: 2F 1-2: Ground out 5-3 (Groundball, 25, EV 80.6 MPH)
|
|
Batting: LHB Eric Katz
|
0-0: Ball 1-0: Foul Ball, location: 2F 1-1: Ball 2-1: Ball 3-1: Base on Balls
|
|
Batting: SHB Jason Woods
|
0-0: Called Strike 0-1: Foul Ball, location: 2F 0-2: Foul Ball, location: 2F 0-2: Fly out, F8 (Line Drive, 89M, EV 86.2 MPH)
|
|
Batting: LHB Jack Christie
|
0-0: Ball 1-0: Called Strike 1-1: Foul Ball, location: 2F 1-2: Foul Ball, location: 2F 1-2: Foul Ball, location: 2F 1-2: Ball 2-2: SINGLE (Groundball, 34S, EV 84.4 MPH) (infield hit) Eric Katz to second
|
|
Batting: RHB Eric Chotkowski
|
0-0: Called Strike 0-1: Ball 1-1: Swinging Strike 1-2: Ball 2-2: Strikes out looking
|
| Top of the 3rd over - 0 runs, 1 hit, 0 errors, 2 left on base; Houston 1 - Minnesota 0 |
| BOTTOM OF THE 3RD |
|
Minnesota Twins batting - Pitching for Houston Astros : RHP Ricardo Acosta
|
|
Batting: RHB Matt Dunn
|
0-0: Foul Ball, location: 2F 0-1: SINGLE (Groundball, 34D, EV 95.0 MPH)
|
|
Batting: RHB Cyril Husson
|
0-0: Ball 1-0: Ball Matt Dunn steals 2nd base 2-0: Ball 3-0: Swinging Strike 3-1: Foul Ball, location: 2F 3-2: Strikes out swinging
|
|
Batting: RHB Alex Sandoval
|
0-0: Ground out 6-3 (Groundball, 6, EV 90.0 MPH) Matt Dunn to third
|
|
Batting: RHB Greg Harman
|
0-0: Ball 1-0: Fly out, F7 (Flyball, 7LS, EV 82.5 MPH)
|
| Bottom of the 3rd over - 0 runs, 1 hit, 0 errors, 1 left on base; Houston 1 - Minnesota 0 |
| TOP OF THE 4TH |
|
Houston Astros batting - Pitching for Minnesota Twins : RHP Ted Mosley
|
|
Batting: SHB Rich Chavez
|
0-0: Ball 1-0: Ball 2-0: Called Strike 2-1: Swinging Strike 2-2: Ball 3-2: Fly out, F9 (Flyball, 9, EV 85.0 MPH)
|
|
Batting: SHB Joe Gardner
|
0-0: Called Strike 0-1: Foul Ball, location: 2F 0-2: Strikes out swinging
|
|
Batting: RHB Danny Merrill
|
0-0: Called Strike 0-1: Ground out 4-3 (Groundball, 4, EV 110.0 MPH)
|
| Top of the 4th over - 0 runs, 0 hits, 0 errors, 0 left on base; Houston 1 - Minnesota 0 |
| BOTTOM OF THE 4TH |
|
Minnesota Twins batting - Pitching for Houston Astros : RHP Ricardo Acosta
|
|
Batting: LHB Per Meulengracht
|
0-0: Ball 1-0: Ground out 4-3 (Groundball, 4, EV 105.6 MPH)
|
|
Batting: LHB Ricardo Batista
|
0-0: Ball 1-0: Swinging Strike 1-1: Foul Ball, location: 2F 1-2: Ball 2-2: Strikes out swinging
|
|
Batting: RHB Miguel Gonzalez
|
0-0: Ball 1-0: Foul Ball, location: 2F 1-1: Ball 2-1: Swinging Strike 2-2: Strikes out swinging
|
| Bottom of the 4th over - 0 runs, 0 hits, 0 errors, 0 left on base; Houston 1 - Minnesota 0 |
| TOP OF THE 5TH |
|
Houston Astros batting - Pitching for Minnesota Twins : RHP Ted Mosley
|
|
Batting: SHB Bryan Johnston
|
0-0: Ball 1-0: Ground out 4-3 (Groundball, 4, EV 91.9 MPH)
|
|
Batting: RHB Jeremy Trump
|
0-0: Foul Ball, location: 2F 0-1: Ball 1-1: Foul Ball, location: 2F 1-2: Strikes out looking
|
|
Batting: LHB Eric Katz
|
0-0: Called Strike 0-1: Swinging Strike 0-2: Ball 1-2: SINGLE (Groundball, 34D, EV 96.9 MPH)
|
|
Batting: SHB Jason Woods
|
0-0: Called Strike 0-1: Ball 1-1: Foul Ball, location: 2F 1-2: 2-RUN HOME RUN (Flyball, 89XD, EV 110.6 MPH), Distance : 413 ft
|
|
Batting: LHB Jack Christie
|
0-0: Fly out, F3 (Flyball, 3D, EV 87.5 MPH)
|
| Top of the 5th over - 2 runs, 2 hits, 0 errors, 0 left on base; Houston 3 - Minnesota 0 |
| BOTTOM OF THE 5TH |
|
Minnesota Twins batting - Pitching for Houston Astros : RHP Ricardo Acosta
|
|
Batting: LHB Peer Derks
|
0-0: Called Strike 0-1: Ball 1-1: Fly out, F9 (Flyball, 9D, EV 103.1 MPH)
|
|
Batting: LHB Ryan Flynn Jr.
|
0-0: Ball 1-0: Called Strike 1-1: Ball 2-1: Foul Ball, location: 2F 2-2: Ground out 4-3 (Groundball, 4S, EV 89.4 MPH)
|
|
Batting: RHB Matt Dunn
|
0-0: Ball 1-0: Ball 2-0: Ball 3-0: Called Strike 3-1: Swinging Strike 3-2: Foul Ball, location: 2F 3-2: Foul Ball, location: 2F 3-2: Strikes out swinging
|
| Bottom of the 5th over - 0 runs, 0 hits, 0 errors, 0 left on base; Houston 3 - Minnesota 0 |
| TOP OF THE 6TH |
|
Houston Astros batting - Pitching for Minnesota Twins : RHP Ted Mosley
|
|
Batting: RHB Eric Chotkowski
|
0-0: Called Strike 0-1: Ground out 6-3 (Groundball, P, EV 90.0 MPH)
|
|
Batting: SHB Rich Chavez
|
0-0: Called Strike 0-1: Fly out, F6 (Line Drive, 6MD, EV 71.2 MPH)
|
|
Batting: SHB Joe Gardner
|
0-0: Called Strike 0-1: Swinging Strike 0-2: Ball 1-2: Strikes out looking
|
| Top of the 6th over - 0 runs, 0 hits, 0 errors, 0 left on base; Houston 3 - Minnesota 0 |
| BOTTOM OF THE 6TH |
|
Minnesota Twins batting - Pitching for Houston Astros : RHP Ricardo Acosta
|
|
Batting: RHB Cyril Husson
|
0-0: Ball 1-0: Foul Ball, location: 2F 1-1: Called Strike 1-2: Strikes out swinging
|
|
Batting: RHB Alex Sandoval
|
0-0: Ball 1-0: Ground out 6-3 (Groundball, 6, EV 110.0 MPH)
|
|
Batting: RHB Greg Harman
|
0-0: Ball 1-0: Ball 2-0: Called Strike 2-1: Ball 3-1: Base on Balls
|
|
Batting: LHB Per Meulengracht
|
0-0: Ball 1-0: Ball Greg Harman steals 2nd base (no throw) 2-0: DOUBLE (Groundball, 3L, EV 105.0 MPH) Greg Harman scores
|
|
Batting: LHB Ricardo Batista
|
0-0: Ball 1-0: Ball 2-0: 2-RUN HOME RUN (Flyball, 7D, EV 95.0 MPH), Distance : 374 ft
|
|
Batting: RHB Miguel Gonzalez
|
0-0: Ball 1-0: Ball 2-0: Foul Ball, location: 2F 2-1: DOUBLE (Line Drive, 78XD, EV 112.5 MPH)
|
|
Batting: LHB Peer Derks
|
0-0: Ball 1-0: Ball 2-0: Called Strike 2-1: Swinging Strike 2-2: Fly out, F3 (Popup, 3F, EV 68.1 MPH)
|
| Bottom of the 6th over - 3 runs, 3 hits, 0 errors, 1 left on base; Houston 3 - Minnesota 3 |
| TOP OF THE 7TH |
|
Houston Astros batting - Pitching for Minnesota Twins : RHP Ted Mosley
|
|
Batting: RHB Danny Merrill
|
0-0: Called Strike 0-1: Ball 1-1: Ball 2-1: SINGLE (Groundball, 34S, EV 63.1 MPH) (infield hit)
|
|
Pitching: RHP Jack Overbeek
|
|
|
Batting: SHB Bryan Johnston
|
0-0: Ball 1-0: Ball 2-0: Ball 3-0: Base on Balls Danny Merrill to second
|
|
Batting: RHB Jeremy Trump
|
0-0: Ball 1-0: Called Strike 1-1: Ball 2-1: Called Strike 2-2: Ball 3-2: Base on Balls Danny Merrill to third Bryan Johnston to second
|
|
Batting: LHB Eric Katz
|
0-0: Foul Ball, location: 2F 0-1: SINGLE (Groundball, 4, EV 104.4 MPH) (infield hit) Danny Merrill scores Bryan Johnston to third Jeremy Trump to second
|
|
Batting: SHB Jason Woods
|
0-0: Called Strike 0-1: Ball 1-1: Swinging Strike 1-2: Grounds into fielders choice 4-2 (Groundball, 34S, EV 81.9 MPH) Jeremy Trump to third Eric Katz to second
|
|
Batting: LHB Jack Christie
|
0-0: DOUBLE (Line Drive, 7LM, EV 106.2 MPH) Jeremy Trump scores Eric Katz scores Jason Woods to third
|
|
Pitching: RHP Bill Rondeau
|
|
|
Batting: RHB Eric Chotkowski
|
0-0: Ball 1-0: Called Strike 1-1: Ball 2-1: Fly out, F4 (Popup, 34S, EV 82.5 MPH)
|
|
Batting: SHB Rich Chavez
|
0-0: Called Strike 0-1: Called Strike 0-2: Ball 1-2: Fly out, F8 (Flyball, 8RD, EV 91.9 MPH)
|
| Top of the 7th over - 3 runs, 3 hits, 0 errors, 2 left on base; Houston 6 - Minnesota 3 |
| BOTTOM OF THE 7TH |
|
Minnesota Twins batting - Pitching for Houston Astros : RHP Ricardo Acosta
|
|
Batting: LHB Ryan Flynn Jr.
|
0-0: Called Strike 0-1: Ball 1-1: Called Strike 1-2: Foul Ball, location: 2F 1-2: Foul Ball, location: 2F 1-2: Strikes out swinging
|
|
Batting: RHB Matt Dunn
|
0-0: Called Strike 0-1: Called Strike 0-2: Foul Ball, location: 2F 0-2: Ball 1-2: Ball 2-2: DOUBLE (Flyball, 8LXD, EV 93.1 MPH)
|
|
Pitching: RHP John Mathis
|
|
|
Batting: RHB Cyril Husson
|
0-0: Ground out 5-3 (Groundball, 5S, EV 92.5 MPH)
|
|
Batting: RHB Alex Sandoval
|
0-0: Ball Wild Pitch! Matt Dunn to third 1-0: Foul Ball, location: 2F 1-1: Called Strike 1-2: Ball 2-2: Strikes out swinging
|
| Bottom of the 7th over - 0 runs, 1 hit, 0 errors, 1 left on base; Houston 6 - Minnesota 3 |
| TOP OF THE 8TH |
|
Houston Astros batting - Pitching for Minnesota Twins : RHP Bill Rondeau
|
|
Pitching: LHP Jim Storer
|
|
|
Batting: SHB Joe Gardner
|
0-0: Called Strike 0-1: Ball 1-1: Ball 2-1: Called Strike 2-2: Foul Ball, location: 2F 2-2: Foul Ball, location: 2F 2-2: SINGLE (Groundball, 6D, EV 103.8 MPH)
|
|
Batting: RHB Danny Merrill
|
0-0: Ball 1-0: Called Strike 1-1: Foul Ball, location: 2F 1-2: Ball 2-2: Foul Ball, location: 2F 2-2: Ball 3-2: Strikes out looking
|
|
Batting: SHB Bryan Johnston
|
0-0: Called Strike Joe Gardner steals 2nd base 0-1: Ball 1-1: Called Strike 1-2: Ball 2-2: Foul Ball, location: 2F 2-2: Ball 3-2: Strikes out swinging
|
|
Pitching: RHP Matt Springer
|
|
|
Batting: RHB Jeremy Trump
|
0-0: Ball 1-0: Ball 2-0: Fly out, F8 (Flyball, 8LD, EV 82.5 MPH)
|
| Top of the 8th over - 0 runs, 1 hit, 0 errors, 1 left on base; Houston 6 - Minnesota 3 |
| BOTTOM OF THE 8TH |
|
Minnesota Twins batting - Pitching for Houston Astros : RHP John Mathis
|
|
Batting: RHB Greg Harman
|
0-0: Ball 1-0: Ball 2-0: Ball 3-0: Base on Balls
|
|
Batting: LHB Per Meulengracht
|
0-0: Called Strike 0-1: Ball 1-1: Foul Ball, location: 2F 1-2: Strikes out swinging
|
|
Batting: LHB Ricardo Batista
|
0-0: Called Strike 0-1: Ball 1-1: Ball 2-1: Ball 3-1: Grounds into double play, 5-4-3 (Groundball, 56S, EV 86.9 MPH)
|
| Bottom of the 8th over - 0 runs, 0 hits, 0 errors, 0 left on base; Houston 6 - Minnesota 3 |
| TOP OF THE 9TH |
|
Houston Astros batting - Pitching for Minnesota Twins : RHP Matt Springer
|
|
Batting: LHB Eric Katz
|
0-0: Foul Ball, location: 2F 0-1: Ball 1-1: Foul Ball, location: 2F 1-2: Ball 2-2: Ball 3-2: Fly out, F8 (Flyball, 8RD, EV 96.2 MPH)
|
|
Batting: SHB Jason Woods
|
0-0: Ball 1-0: Swinging Strike 1-1: Foul Ball, location: 2F 1-2: Fly out, F6 (Popup, 6M, EV 58.1 MPH)
|
|
Batting: LHB Jack Christie
|
0-0: Foul Ball, location: 2F 0-1: Ball 1-1: Swinging Strike 1-2: Ball 2-2: Strikes out swinging
|
| Top of the 9th over - 0 runs, 0 hits, 0 errors, 0 left on base; Houston 6 - Minnesota 3 |
| BOTTOM OF THE 9TH |
|
Minnesota Twins batting - Pitching for Houston Astros : RHP John Mathis
|
|
Pitching: RHP Bill Dillard
|
|
|
Batting: RHB Miguel Gonzalez
|
0-0: Ball 1-0: Called Strike 1-1: Ball 2-1: Foul Ball, location: 2F 2-2: Ball 3-2: Ground out 4-3 (Groundball, 4S, EV 66.9 MPH)
|
|
Batting: LHB Peer Derks
|
0-0: Foul Ball, location: 2F 0-1: Ball 1-1: Ground out 4-3 (Groundball, 4MS, EV 83.1 MPH)
|
|
Batting: LHB Ryan Flynn Jr.
|
0-0: Ball 1-0: Swinging Strike 1-1: Ball 2-1: SINGLE (Line Drive, 6D, EV 98.8 MPH)
|
|
Batting: RHB Matt Dunn
|
0-0: Ball 1-0: Fielders Choice at 2nd, 5-4 (Groundball, 5, EV 108.1 MPH)
|
| Bottom of the 9th over - 0 runs, 1 hit, 0 errors, 1 left on base; Houston 6 - Minnesota 3 |
|